 Dungeon Crawl Stone Soup version 0.29-a0-22-gbf593b16ee (webtiles) character file.

Game seed: 14007999643416253308

797 issech the Cudgeller (level 7, 0/71 HPs)
             Began as a Troll Monk on Jan 29, 2022.
             Succumbed to a killer bee's poison
             ... on level 5 of the Dungeon.
             The game lasted 00:18:08 (4739 turns).

issech the Cudgeller (Troll Monk)                   Turns: 4739, Time: 00:18:09

Health: 0/71       AC:  4    Str: 20    XL:     7   Next: 58%
Magic:  1/6        EV: 11    Int:  6    God:
Gold:   155        SH:  0    Dex: 14    Spells: 6/6 levels left

rFire   . . .      SeeInvis .   y - +2 whip (freeze)
rCold   . . .      Faith    .   (no shield)
rNeg    . . .      Spirit   +   b - +0 robe
rPois   .          Reflect  .   (helmet restricted)
rElec   .          Harm     .   (no cloak)
rCorr   .          Rampage  .   (gloves unavailable)
Will    .....                   (boots unavailable)
Stlth   ++........              e - amulet of guardian spirit
HPRegen 1.01/turn               (no ring)
MPRegen 0.10/turn               (no ring)

@: lethally poisoned (0 -> -12)
A: large, unfitting armour, claws 3, regeneration 1, shaggy fur 1, tough skin 1
a: no special abilities


You were on level 5 of the Dungeon.
You visited 1 branch of the dungeon, and saw 5 of its levels.

You collected 155 gold pieces.

Inventory:

Hand Weapons
 a - a +0 mace
 j - a +0 flail
 k - a +1 vampiric dagger
 l - a +0 hunting sling
 o - a +1 hand axe of electrocution
 y - a +2 whip of freezing (weapon)
Missiles
 c - 141 stones (quivered)
 g - 20 sling bullets
 m - 20 arrows
 s - 10 poisoned darts
 z - a throwing net
 B - 27 bolts
Armour
 b - a +0 robe (worn)
Magical Staves
 t - a staff of cold
Jewellery
 e - an amulet of guardian spirit (around neck)
 w - a ring of fire
Scrolls
 d - 7 scrolls of identify {unknown}
 n - a scroll of vulnerability {unknown}
 q - a scroll of enchant weapon {unknown}
 r - 2 scrolls of immolation {unknown}
 v - 2 scrolls of magic mapping {unknown}
 x - a scroll of brand weapon {unknown}
 A - a scroll of teleportation {unknown}
Potions
 f - 3 potions of heal wounds {unknown}
 h - 2 potions of degeneration {unknown}
 i - 2 potions of curing {unknown}
 p - 2 potions of resistance {unknown}
 u - a potion of flight {unknown}


   Skills:
 + Level 4.3 Fighting
 + Level 5.8 Maces & Flails
 + Level 4.2 Dodging
 + Level 1.5 Stealth


You had 6 spell levels left.
You didn't know any spells.
Your spell library contained the following spells:

 Spells                   Type           Power      Damage    Failure   Level
 Corpse Rot               Necr/Air       0%         N/A       58%         2
 Poisonous Vapours        Pois/Air       0%         N/A       58%         2


Dungeon Overview and Level Annotations

Branches:
Dungeon (5/15)
 Temple: D:4-7

Altars:

Shops:
D:1 [


Innate Abilities, Weirdness & Mutations

You are too large for most types of armour.
You have claws for hands.
Your natural rate of healing is unusually fast.
You are covered in fur. (AC +1)
You have tough skin. (AC +1)


Message History

The killer bee barely misses you. The killer bee stings you.
You are poisoned.
The killer bee poisons you!
You feel sick. The killer bee barely misses you. The killer bee stings you.
The killer bee closely misses you.
There is an open door here.
You feel sick.
You feel sick. The killer bee stings you.
You are more poisoned.
The killer bee poisons you!
You feel sick. The killer bee closely misses you. The killer bee misses you.
You feel sick. The killer bee stings you.
You feel sick.
The killer bee stings you but does no damage.
The killer bee closely misses you. The killer bee stings you!
The killer bee stings you.
You feel sick. The killer bee stings you!
You are more poisoned.
The killer bee poisons you! The killer bee closely misses you.
The killer bee barely misses you.
You feel very sick.
The killer bee stings you. x2; The killer bee misses you.
You feel very sick. The killer bee stings you.
* * * LOW HITPOINT WARNING * * *
The killer bee stings you.
* * * LOW HITPOINT WARNING * * *
The killer bee barely misses you.
You feel sick. The killer bee stings you!
* * * LOW HITPOINT WARNING * * *
You are more poisoned.
The killer bee poisons you! The killer bee stings you.
* * * LOW HITPOINT WARNING * * *
You are lethally poisoned!
The killer bee poisons you! The killer bee barely misses you.
* * * LOW HITPOINT WARNING * * *
You feel very sick. The killer bee barely misses you. x2
You die...

........... #........
........... #........
....[...... #........
........... ......
........... ..... #...#
#..#
##...############..####..
#....#.........y.<.......
#.)..'.......yy.@........
'....#........y..........
#....#................>..
#....#...................
#....#[..................
#....#...................
#....##.####.##...###....
#....#### #.##...# ...
......


You could see 4 killer bees.

Vanquished Creatures
  Pikel (D:3)
  A phantom (D:4)
  A lemure (D:4)
  A water moccasin skeleton (D:5)
  A hound (D:4)
  Terence (D:2)
  4 gnolls
  5 adders
  An adder skeleton (D:4)
  A worm (D:2)
  3 dart slugs
  An orc (D:3)
  9 endoplasms
  4 giant cockroaches
  5 goblins
  10 hobgoblins
  5 kobolds
  3 quokkas
  4 ball pythons
  11 bats
  6 frilled lizards
  5 rats
83 creatures vanquished.

Notes
Turn   | Place    | Note
-------+----------+-------------------------------------------
     0 | D:1      | issech the Troll Monk began the quest for the Orb.
     0 | D:1      | Reached XP level 1. HP: 22/22 MP: 0/0
   206 | D:1      | Reached skill level 3 in Maces & Flails
   209 | D:1      | Reached XP level 2. HP: 29/29 MP: 1/1
   257 | D:1      | Found a faded altar of an unknown god.
   403 | D:1      | Found Xamies's Antique Armour Boutique.
  1094 | D:2      | Reached XP level 3. HP: 36/36 MP: 2/2
  1247 | D:2      | Reached XP level 4. HP: 36/44 MP: 3/3
  1868 | D:2      | Noticed Terence
  1969 | D:2      | Killed Terence
  1970 | D:2      | Reached skill level 4 in Maces & Flails
  1970 | D:2      | Reached XP level 5. HP: 31/53 MP: 2/4
  3567 | D:4      | Noticed a lemure
  3568 | D:4      | Noticed Pikel
  3607 | D:4      | Killed a lemure
  3698 | D:4      | Noticed a lemure
  3707 | D:4      | Noticed a lemure
  3708 | D:4      | Noticed a lemure
  4218 | D:3      | Killed Pikel
  4219 | D:3      | Reached skill level 5 in Maces & Flails
  4219 | D:3      | Reached XP level 6. HP: 49/62 MP: 5/5
  4219 | D:3      | Reached XP level 7. HP: 55/70 MP: 6/6
  4670 | D:5      | Entered Level 5 of the Dungeon
  4739 | D:5      | Succumbed to a killer bee's poison

Illustrated notes

Levels and vault maps discovered:
D:1:      lightli_iron_boxes, layout_basic, serial_shops, shop_statue,
          shapermc_ecumenical_altar_gd, minmay_domino_4
D:2:      minmay_skewed_foursquare, layout_loops_ring, uniq_terence
D:3:      layout_basic
D:4:      layout_rooms, hangedman_decor_growths, uniq_pikel
D:5:      layout_gridville

Skill      XL: |  1  2  3  4  5 |
---------------+----------------+-----
Maces & Flails | 3 4 5 |  5.8
Fighting       | 3 4 |  4.3
Dodging        | 3 4 |  4.2
Stealth        | |  1.5

Action                   |  1- 3 |  4- 6 |  7- 9 || total
-------------------------+-------+-------+-------++-------
Melee: Mace              |    91 |   245 |       ||   336
       Punch             |     4 |     2 |       ||     6
       Whip              |       |       |    48 ||    48
 Stab: Sleeping          |     1 |     3 |       ||     4
Armor: Robe              |    48 |    88 |    10 ||   146
Dodge: Dodged            |    68 |   182 |    32 ||   282

Table legend: (Time is in decaauts)
 A = Elapsed time spent in this place.
 B = Non-inter-level travel time spent in this place.
 C = Inter-level travel time spent in this place.
 D = Time resting spent in this place.
 E = Time spent auto-exploring this place.
 F = Levels seen in this place.
 G = Mean time per level.
                   A        B        C        D        E       F      G
               +--------+--------+--------+--------+--------+-----+--------+
         Total |   4803 |   4657 |    146 |    119 |   1867 |   5 |  960.6 |
       Dungeon |   4803 |   4657 |    146 |    119 |   1867 |   5 |  960.6 |
               +--------+--------+--------+--------+--------+-----+--------+

Top non-repeatable levels by time:
     D:3: 1705 daAuts
     D:1: 1212 daAuts
     D:2: 1100 daAuts
     D:4: 719 daAuts
     D:5: 66 daAuts
